 Dungeon Crawl Stone Soup version 0.17.1-3-g152610e (webtiles) character file.

75 Gargoyl the Skirmisher (level 4, -6/36 HPs)
             Began as a Demonspawn Abyssal Knight on Mar 24, 2016.
             Was a Believer of Lugonu.
             Mangled by Crazy Yiuf
             ... wielding a +4 quarterstaff of chaos
              (15 damage)
             ... on level 2 of the Dungeon.
             The game lasted 00:02:59 (1340 turns).

Gargoyl the Skirmisher (Demonspawn Abyssal Knight)  Turns: 1340, Time: 00:03:00

Health: -6/36      AC: 11    Str: 13    XL:     4   Next: 11%
Magic:  6/6        EV:  3    Int: 13    God:    Lugonu [**....]
Gold:   46         SH:  0    Dex: 17    Spells: 0 memorised, 3 levels left

rFire  . . .     SeeInvis .     a - +1 hand axe
rCold  . . .     Clarity  .     d - +0 plate armour
rNeg   . . .     SustAt   .     (no shield)
rPois  .         Gourm    .     (no helmet)
rElec  .         Spirit   .     (no cloak)
rCorr  .         Warding  .     (no gloves)
rMut   .         Stasis   .     (no boots)
MR     .....                    (no amulet)
Stlth  ..........               (no ring)
                                (no ring)

@: lethally poisoned (-6 -> -10), not resistant to hostile enchantments,
extremely unstealthy
A: thin skeletal structure 2, powered by death 1
a: Depart the Abyss, Bend Space, Renounce Religion


You were on level 2 of the Dungeon.
You worshipped Lugonu.
Lugonu was pleased with you.
You were not hungry.

You visited 1 branch of the dungeon, and saw 2 of its levels.
You visited the Abyss 1 time.

You collected 46 gold pieces.

Inventory:

Hand Weapons
 a - a +1 hand axe (weapon)
 r - a +0 flail
Missiles
 j - 8 tomahawks (quivered)
Armour
 d - a +0 plate armour (worn)
Scrolls
 i - a scroll of enchant weapon {unknown}
 l - a scroll of fog {unknown}
 m - a scroll of fear {unknown}
 o - 2 scrolls of identify {unknown}
 q - a scroll of blinking {unknown}
Potions
 b - 2 potions of curing
 e - a potion of magic {unknown}
 f - a potion of agility {unknown}
 g - a potion of lignification {unknown}
 h - a potion of ambrosia {unknown}
 p - a potion of resistance {unknown}
 s - a potion of flight {unknown}
Comestibles
 c - a bread ration
 k - 4 fruits
 n - a meat ration


   Skills:
 + Level 3.6 Fighting
 + Level 2.0 Axes
 * Level 2.8 Armour
 + Level 1.1 Dodging
 + Level 3.4 Invocations


You had 3 spell levels left.
You didn't know any spells.

Dungeon Overview and Level Annotations

Branches:
Dungeon (2/15)

Altars:
Fedhas
Okawaru
Qazlal

Annotations:
D:2 Crazy Yiuf


Innate Abilities, Weirdness & Mutations

You have a moderately thin skeletal structure (Dex +4, Stealth+).
You regenerate a little health from kills.


Message History

Crazy Yiuf is moderately wounded.
Crazy Yiuf hits you with a quarterstaff of chaos.
Crazy Yiuf freezes you.
Drink which item? (? for menu, Esc to quit)
It was a potion of curing.
You feel better.
Crazy Yiuf hits you with a quarterstaff of chaos.
You are poisoned.
You closely miss Crazy Yiuf.
Crazy Yiuf is moderately wounded.
You feel sick.
Crazy Yiuf screams, "Lugonu eyeball childish!"
Crazy Yiuf hits you but does no damage.
You closely miss Crazy Yiuf.
Crazy Yiuf is moderately wounded.
You feel sick. Crazy Yiuf hits you but does no damage.
You are electrocuted!
* * * LOW HITPOINT WARNING * * *
You hit Crazy Yiuf but do no damage.
Crazy Yiuf is moderately wounded.
You feel sick. Crazy Yiuf hits you but does no damage.
You are electrocuted!
You die...

###.........#######......#.÷.÷...
#.........# ##...##.#.###...
########### #.....#.....#...
#########.#.#... #....#...
♣♣♣♣♣##.##..... ###
♣♣♣.♣.P+...###...
#...#♣..♣.P.....# #...
#...g@♣♣♣♣......# #... #)..#♣♣
♣♣P+..## #### ### ♣♣####


You could see Crazy Yiuf.

Vanquished Creatures
  2 adders (D:2)
  2 giant geckos
  2 orcs (D:2)
  3 giant cockroaches
  9 hobgoblins
  7 jackals
  A quokka (D:2)
  A ball python (D:2)
  4 bats (D:1)
  2 giant newts (D:2)
  6 goblins
  6 kobolds
  6 rats
51 creatures vanquished.

Notes
Turn   | Place    | Note
--------------------------------------------------------------
     0 | Abyss:1  | Gargoyl the Demonspawn Abyssal Knight began the quest for the Orb.
     0 | Abyss:1  | Reached XP level 1. HP: 18/18 MP: 2/2
    50 | Abyss:1  | Noticed an ancient zyme
    50 | D:1      | Escaped the Abyss
   398 | D:1      | Reached * piety under Lugonu
   410 | D:1      | Gained mutation: You have a somewhat thin skeletal structure (Dex +2, Stealth). [demonic ancestry]
   410 | D:1      | Reached XP level 2. HP: 22/24 MP: 4/4
   457 | D:1      | Reached skill level 1 in Dodging
   787 | D:1      | Gained mutation: You regenerate a little health from kills. [demonic ancestry]
   787 | D:1      | Reached XP level 3. HP: 26/29 MP: 5/5
   858 | D:2      | Reached ** piety under Lugonu
  1066 | D:2      | Found a stormy altar of Qazlal.
  1067 | D:2      | Found a blossoming altar of Fedhas.
  1285 | D:2      | Gained mutation: You have a moderately thin skeletal structure (Dex +4, Stealth+). [demonic ancestry]
  1285 | D:2      | Reached XP level 4. HP: 33/36 MP: 6/6
  1294 | D:2      | Found an iron altar of Okawaru.
  1331 | D:2      | Noticed Crazy Yiuf
  1340 | D:2      | Mangled by Crazy Yiuf

Action                   |  1- 3 |  4- 6 || total
-------------------------+-------+-------++-------
Melee: Hand axe          |   154 |    12 ||   166
Invok: Depart the Abyss  |     1 |       ||     1
  Use: Potion            |       |     1 ||     1
  Eat: Chunk             |     2 |       ||     2
